 Dungeon Crawl Stone Soup version 0.30-a0-137-gd8773701ce (webtiles) character file.

Game seed: 5894814800065775378

53 KennySheep the Chopper (level 3, -5/29 HPs)
             Began as a Palentonga Gladiator on Sept 21, 2022.
             Slain by Terence
             ... wielding a +1 flail of protection
              (6 damage)
             ... on level 2 of the Dungeon.
             The game lasted 00:04:21 (1202 turns).

KennySheep the Chopper (Palentonga Gladiator)       Turns: 1202, Time: 00:04:21

Health: -5/29      AC:  5    Str: 21    XL:     3   Next: 64%
Magic:  3/3        EV: 10    Int:  8    God:
Gold:   87         SH:  0    Dex: 11    Spells: 2/2 levels left

rFire   . . .      SeeInvis +    a - +0 war axe
rCold   . . .      Faith    .    (no shield)
rNeg    . . .      Spirit   .    b - +0 leather armour
rPois   .          Reflect  .    c - +0 helmet
rElec   .          Harm     .    (no cloak)
rCorr   .          Rampage  .    (no gloves)
Will    .....                    (no barding)
Stlth   +.........               (no amulet)
HPRegen 0.09/turn                (no ring)
MPRegen 0.08/turn                (no ring)

@: no status effects
A: large, rugged brown scales 3, see invisible, deformed body, roll 1, armoured
tail
a: Rolling Charge


You were on level 2 of the Dungeon.
You visited 1 branch of the dungeon, and saw 2 of its levels.

You collected 87 gold pieces.

Inventory:

Hand Weapons
 a - a +0 war axe (weapon)
Missiles
 d - 3 throwing nets
 e - a javelin
Armour
 b - a +0 leather armour (worn)
 c - a +0 helmet (worn)
Scrolls
 f - a scroll of poison {unknown}
 g - a scroll of identify
 h - 2 scrolls of noise {unknown}
 k - a scroll of blinking {unknown}
 l - 3 scrolls of teleportation {unknown}
Potions
 i - a potion of attraction
 j - a potion of might {unknown}
 m - a potion of lignification {unknown}


   Skills:
 + Level 2.4 Fighting
 + Level 3.4 Axes
 + Level 1.8 Throwing
 + Level 1.0 Armour
 + Level 2.7 Dodging


You had 2 spell levels left.
You didn't know any spells.
Your spell library contained the following spells:

 Spells                   Type           Power      Damage    Failure   Level
 Tukima's Dance           Hex            0%         N/A       83%         3
 Passage of Golubria      Tloc           0%         N/A       99%         4
 Yara's Violent Unravell  Hex/Tmut       0%         3d3       100%        5


Dungeon Overview and Level Annotations

Branches:
Dungeon (2/15)

Altars:

Shops:
D:1 *

Annotations:
D:2 Terence


Innate Abilities, Weirdness & Mutations

You are completely covered in rugged brown scales. (AC +3, +7% HP)
You have supernaturally acute eyesight. (SInv)
Armour fits poorly on your strangely shaped body.
You can roll at nearby foes to attack.
You have a long armoured tail.


Message History

The dart slug launches a dart at you. The slug dart hits you.
You hit Terence.
Terence is lightly wounded.
Terence hits you with a +1 flail of protection.
You hit Terence but do no damage.
Terence is lightly wounded.
You slash the dart slug!
Terence hits you with a +1 flail of protection.
Terence bares his teeth.
Terence barely misses you. The dart slug launches a dart at you.
The slug dart hits you but does no damage.
You hit the dart slug but do no damage.
The dart slug is severely wounded.
You barely miss Terence. Terence closely misses you.
The dart slug launches a dart at you. The slug dart misses you.
You hit the dart slug but do no damage.
The dart slug is severely wounded.
You barely miss Terence. Terence barely misses you.
You hit the dart slug but do no damage.
The dart slug is severely wounded.
You closely miss Terence. Terence barely misses you.
The dart slug launches a dart at you. The slug dart hits you.
Terence hits you but does no damage.
You slash the dart slug!
You kill the dart slug!
You hit Terence but do no damage. Terence closely misses you.
You hit Terence but do no damage.
Terence is lightly wounded.
Terence hits you with a +1 flail of protection!
* * * LOW HITPOINT WARNING * * *
Terence hits you with a +1 flail of protection.
* * * LOW HITPOINT WARNING * * *
Terence says, "Rest in peace."
You see here 6 gold pieces.
Terence attacks as you move away!
Terence hits you with a +1 flail of protection.
You die...

###>..#### ##..#
#####..#### ##.... #..##
##..### .......### #.##
##..#† ####.##....##.#
######.#.
#.##.......########........
#..#####............####.##
##. ###...##### #.#
#######.#.##### ..#
.......@....... ....
...####@#...... ##### #.
#...##### #.###...#
#.......# ####$...# #..$.#
....#.# ###.#..#


You could see Terence.

Vanquished Creatures
  2 adders (D:2)
  2 dart slugs
  3 ball pythons (D:1)
  4 bats
  4 endoplasms
  2 goblins
  5 kobolds (D:1)
  3 quokkas (D:1)
  2 frilled lizards
  2 rats (D:2)
29 creatures vanquished.

Vanquished Creatures (others)
  5 fungi (D:1)
5 creatures vanquished.

Grand Total: 34 creatures vanquished

Notes
Turn   | Place    | Note
-------+----------+-------------------------------------------
     0 | D:1      | KennySheep the Palentonga Gladiator began the quest for the
                  | Orb.
     0 | D:1      | Reached XP level 1. HP: 17/17 MP: 1/1
   122 | D:1      | Reached XP level 2. HP: 23/23 MP: 2/2
   367 | D:1      | Found Gesa's General Store.
   838 | D:2      | Reached XP level 3. HP: 20/29 MP: 3/3
  1079 | D:2      | Reached skill level 1 in Armour
  1185 | D:2      | Noticed Terence
  1196 | D:2      | HP: 1/29 [Terence/+1 flail of protection (4)]
  1202 | D:2      | Slain by Terence

Illustrated notes

Levels and vault maps discovered:
D:1:      tarquinn_simple_flora_water_e, layout_basic, serial_shops,
          nicolae_shop_window_shopping, dreamdust_mushroom_princess
D:2:      layout_rooms, dreamdust_ecumenical_altar_angels_and_demons,
          chequers_serial_rivers_large_a, nrook_mini_vaults, uniq_terence

Skill      XL: |  1  2  3 |
---------------+----------+-----
Armour         | 1 |  1.0
Fighting       | |  2.4
Axes           | |  3.4
Throwing       | |  1.8
Dodging        | |  2.7

Action                   || total
-------------------------++-------
Melee: War axe           ||    80
       Tailslap          ||     9
 Abil: Rolling Charge    ||    10
  Use: Scroll            ||     1
Armor: Leather armour    ||    41
Dodge: Dodged            ||    50

Table legend: (Time is in decaauts)
 A = Elapsed time spent in this place.
 B = Non-inter-level travel time spent in this place.
 C = Inter-level travel time spent in this place.
 D = Time resting spent in this place.
 E = Time spent auto-exploring this place.
 F = Levels seen in this place.
 G = Mean time per level.
                   A        B        C        D        E       F      G
               +--------+--------+--------+--------+--------+-----+--------+
         Total |   1232 |   1221 |     11 |    255 |    766 |   2 |  616.0 |
       Dungeon |   1232 |   1221 |     11 |    255 |    766 |   2 |  616.0 |
               +--------+--------+--------+--------+--------+-----+--------+

Top non-repeatable levels by time:
     D:1: 831 daAuts
     D:2: 401 daAuts
